Cogmind - Beta 14 *** ADVENTURER MODE // 2025.03.27 @ 14:49:32 Player: h0rm1g4 Result: Self-destructed Performance ------------- Evolutions (4) 2000 Regions Visited (6) 1200 Robots Destroyed (46) 230 Value Destroyed (1070) 1070 Prototype IDs (2) 40 Alien Tech Used (0) 0 Bonus (4) 4 TOTAL SCORE: 4544 Bonus ------- High Alert Combat Kills 4 Cogmind --------- Core Integrity 850/850 Matter 295/300 Energy 275/275 System Corruption 0% Temperature Cool (0) Movement Core (300) Ox5 Location -6/Factory Parts ------- > --- POWER (2) -------- Deuterium Engine > --- PROPULSION (4) --- (None) > --- UTILITY (7) ------ Improved Heat Sink Small Storage Unit Advanced Visual Processing Unit Improved Targeting Computer Advanced ECM Suite > --- WEAPON (2) ------- (None) > --- INVENTORY (8) ---- Light Ion Engine Flight Unit Advanced Terrain Scan Processor Improved Light Armor Plating Improved Datajack Peak State ------------ > --- POWER ------------ Improved Ion Engine Improved Ion Engine > --- PROPULSION ------- Wheel Improved Airjet Improved Airjet Flight Unit > --- UTILITY ---------- Small Storage Unit Advanced Visual Processing Unit Improved Targeting Computer Advanced ECM Suite > --- WEAPON ----------- Beam Rifle Pulse Rifle > --- INVENTORY -------- Light Ion Engine Deuterium Engine Advanced Terrain Scan Processor Small Laser Improved Datajack [Rating: 32] Favorites ----------- Power Improved Ion Engine Engine Improved Ion Engine Propulsion Flight Unit Wheel Compact Wheel Hover Unit Improved Airjet Flight Unit Flight Unit Utility Small Storage Unit Device Advanced ECM Suite Storage Small Storage Unit Processor Improved Targeting Computer Weapon Small Laser Energy Gun Small Laser Ballistic Gun Light Assault Rifle Launcher Grenade Launcher Build | -11 -10 -9 -9 -8 -7 -6 ------- Run | Yrd Mat Mat Min Mat Fac Fac Slots Evolved 8 | . . 2 . 2 2 2 Power 1 | . . 1 . . . . Propulsion 2 | . . 1 . 1 . . Utility 5 | . . . . 1 2 2 Weapon . | . . . . . . . Parts Attached 57 | 6 10 16 . 8 17 . Power 14 | 1 . 5 . 1 7 . Engine 14 | 1 . 5 . 1 7 . Core . | . . . . . . . Reactor . | . . . . . . . Propulsion 26 | 2 8 6 . 5 5 . Treads . | . . . . . . . Leg . | . . . . . . . Wheel 11 | 2 4 2 . . 3 . Hover 2 | . . . . . 2 . Flight 13 | . 4 4 . 5 . . Utility 6 | 1 . 1 . 1 3 . Device 2 | . . . . . 2 . Storage 2 | 1 . . . 1 . . Processor 2 | . . 1 . . 1 . Hackware . | . . . . . . . Protection . | . . . . . . . Artifact . | . . . . . . . Weapon 11 | 2 2 4 . 1 2 . Energy Gun 7 | 1 1 3 . . 2 . Energy Cannon . | . . . . . . . Ballistic Gun 3 | 1 1 1 . . . . Ballistic Cannon . | . . . . . . . Launcher 1 | . . . . 1 . . Special Weapon . | . . . . . . . Impact Weapon . | . . . . . . . Slashing Weapon . | . . . . . . . Piercing Weapon . | . . . . . . . Special Melee Weapon . | . . . . . . . Unidentified Prototypes 2 | . . . . . 2 . Parts Lost 22 | . . 9 . 1 12 . Power 4 | . . 2 . . 2 . Propulsion 13 | . . 5 . 1 7 . Utility . | . . . . . . . Weapon 5 | . . 2 . . 3 . Highest Loss Streak 8 | . . 8 . 1 7 . To Critical Strikes . | . . . . . . . Average Slot Usage (%) 75 | . 84 75 77 75 76 40 Engine 14 | . 14 15 22 9 12 6 Wheel 9 | . 26 11 11 . 6 . Hover 1 | . . . . . 4 . Flight 8 | . 1 12 . 34 9 . Device 2 | . . . . . 5 13 Storage 9 | . 14 11 11 9 7 6 Processor 10 | . . 10 11 9 14 13 Energy Gun 10 | . 13 8 11 9 12 . Ballistic Gun 4 | . 13 7 11 . . . Launcher 1 | . . . . 3 1 . Peak Build Rating 32 | 6 6 11 10 13 32 17 Average Rating 14 | 4 5 8 10 10 22 17 On Entrance 8 | . 6 6 10 10 11 17 Naked Turns . | . . . . . . . Heaviest Build 30 | 13 13 21 21 13 30 18 Greatest Support 32 | 32 32 32 16 16 26 3 Greatest Overweight (x) 5 | . 1 3 1 . 5 5 Average Overweight (x) . | . . . 1 . . 5 Largest Inventory Capacity 8 | 8 8 8 8 8 8 8 Average Capacity 7 | 7 8 8 8 8 8 8 Most Carried 8 | 5 8 7 7 7 7 5 Average Carried 5 | 2 5 4 6 5 5 5 Final Capacity 8 | 8 8 8 8 8 8 8 Final Carried 7 | 2 6 6 7 5 5 5 Class Distribution -------------------- 79% | Mutant 16% | Scavenger-Sprinter 4% | Scavenger-Mutant Dominant Class ---------------- Mutant | -10/Materials Mutant | -9/Materials Mutant | -9/Mines Scavenger-Sprinter | -8/Materials Mutant | -7/Factory Mutant | -6/Factory Resources | -11 -10 -9 -9 -8 -7 -6 ----------- Run | Yrd Mat Mat Min Mat Fac Fac Matter Collected 872 | 226 102 214 . 52 278 . Remotely . | . . . . . . . Salvage Created 1093 | . 102 515 . 103 373 . Parts 75 | . 14 35 . 15 11 . Haulers Intercepted . | . . . . . . . Recyclers Shooed . | . . . . . . . Parts Field Recycled . | . . . . . . . Retrieved Matter . | . . . . . . . Parts Self-Destructed . | . . . . . . . Prevented . | . . . . . . . Kills | -11 -10 -9 -9 -8 -7 -6 ------- Run | Yrd Mat Mat Min Mat Fac Fac Combat Hostiles Destroyed 37 | . 6 15 . 5 11 . Guns 33 | . 6 15 . 3 9 . AOE 3 | . . . . 2 1 . Classes Destroyed 8 | . 2 3 . 1 2 . Builder 1 | . . . . 1 . . Operator 1 | . . 1 . . . . Watcher 7 | . 1 1 . 3 2 . Swarmer 25 | . 6 7 . 5 7 . Grunt 7 | . . 6 . . 1 . Sentry 3 | . . 2 . . 1 . Hunter 1 | . . . . . 1 . Programmer 1 | . . . . . 1 . Best Kill Streak 9 | . 6 6 . 9 4 . Combat Bots Only 6 | . 6 6 . 5 4 . Max Kills in Single Turn 2 | . 2 1 . 2 1 . Gunslinging 1 | . 1 . . . . . Exploded 1 | . . . . 1 1 . Melee . | . . . . . . . Uniques/NPCs Destroyed . | . . . . . . . Combat | -11 -10 -9 -9 -8 -7 -6 -------- Run | Yrd Mat Mat Min Mat Fac Fac Hostile Shots Fired 306 | . 28 98 . 41 139 . Missed 110 | . 10 24 . 26 50 . Damage Taken 2016 | . 110 716 . 174 1016 . Core 631 | . 38 227 . 31 335 . Absorbed by Shields . | . . . . . . . Ignored by Resistances 602 | . 36 215 . 51 300 . Core Remaining (%) 74 | 100 84 . 43 94 52 . Volleys Fired 139 | . 12 62 . 11 54 . Largest 2 | . 2 2 . 2 2 . Hottest 119 | . 70 60 . 70 119 . Shots Fired 222 | . 24 80 . 17 101 . Gun 210 | . 24 80 . 11 95 . Cannon . | . . . . . . . Launcher 12 | . . . . 6 6 . Special . | . . . . . . . Kinetic 42 | . 12 30 . . . . Thermal 162 | . 12 44 . 11 95 . Explosive 12 | . . . . 6 6 . Electromagnetic 6 | . . 6 . . . . Robot Hit Streak 35 | . 5 35 . 8 33 . Robot Miss Streak 4 | . 1 4 . 2 2 . Penetration Max . | . . . . . . . Secondary Targets 6 | . 3 2 . . 1 . Max Gunslinging Chain 1 | . 1 1 . . 1 . Shots Hit Robots 174 | . 14 66 . 10 84 . Core Hits 85 | . 10 29 . 12 34 . Critical Kills . | . . . . . . . Critical Parts Destroyed 1 | . . 1 . . . . Critical Strikes 7 | . 1 2 . . 4 . Burn 6 | . 1 1 . . 4 . Destroy 1 | . . 1 . . . . Melee Attacks . | . . . . . . . Impact . | . . . . . . . Slashing . | . . . . . . . Piercing . | . . . . . . . Sneak Attacks . | . . . . . . . Combat Hostiles . | . . . . . . . Follow-up Attacks . | . . . . . . . Damage Inflicted 2655 | . 175 742 . 371 1367 . Guns 2161 | . 175 737 . 78 1171 . Cannons . | . . . . . . . Explosions 489 | . . . . 293 196 . Melee . | . . . . . . . Ramming 5 | . . 5 . . . . Kinetic 268 | . 54 214 . . . . Thermal 1815 | . 121 445 . 78 1171 . Explosive 489 | . . . . 293 196 . Electromagnetic 78 | . . 78 . . . . Impact . | . . . . . . . Slashing . | . . . . . . . Piercing . | . . . . . . . Highest Corruption 1 | . . . . . 1 . Average Corruption 1 | . . . . . 1 . Corruption Purged . | . . . . . . . Corruption Blocked . | . . . . . . . Effects 4 | . . . . . 4 . Message Errors 1 | . . . . . 1 . Heat Flow Errors 2 | . . . . . 2 . Parts Rejected 1 | . . . . . 1 . Overload Shots . | . . . . . . . Overflow Damage . | . . . . . . . Projectiles . | . . . . . . . Explosions . | . . . . . . . Melee . | . . . . . . . Knockbacks . | . . . . . . . Impact . | . . . . . . . Kinetic . | . . . . . . . Secondary . | . . . . . . . Self-Inflicted Damage 16 | . . 2 . 14 . . Shots 1 | . . . . 1 . . Rammed 1 | . . 1 . . . . Targets Rammed 1 | . . 1 . . . . Kicked . | . . . . . . . Crushed . | . . . . . . . Highest Temperature 496 | . 100 227 . 36 496 . Average Temperature 92 | . 35 87 . 16 113 . Received Heat Transfer 549 | . . 414 . 54 81 . Effects 2 | . . . . . 2 . Shutdowns 2 | . . . . . 2 . Siege Activations . | . . . . . . . Robots Corrupted . | . . . . . . . Combat Hostiles . | . . . . . . . Parts Fried . | . . . . . . . Impact Corruptions . | . . . . . . . Robots Melted 1 | . . . . . 1 . Combat Hostiles 1 | . . . . . 1 . Parts Melted 16 | . 1 6 . . 9 . Heat Transferred 4944 | . 444 1359 . 175 2966 . Parts Sabotaged . | . . . . . . . Parts Stolen . | . . . . . . . Parts Stripped . | . . . . . . . Power Chain Reactions . | . . . . . . . Alert | -11 -10 -9 -9 -8 -7 -6 ------- Run | Yrd Mat Mat Min Mat Fac Fac Peak Influence 425 | . 162 425 90 359 221 . Initial 139 | . . 58 90 29 139 . Average 131 | . 82 262 90 131 121 . Maximum Alert Level 2 | . . 2 . 1 1 . Low Security (%) 78 | 100 100 26 100 70 86 100 Level 1 18 | . . 59 . 29 13 . Level 2 2 | . . 14 . . . . Level 3 . | . . . . . . . Level 4 . | . . . . . . . Level 5 . | . . . . . . . High Security . | . . . . . . . Max Security . | . . . . . . . Squads Dispatched 5 | . . 1 . . 4 . Investigation . | . . . . . . . Extermination 1 | . . . . . 1 . Reinforcement 4 | . . 1 . . 3 . Assault . | . . . . . . . Garrison . | . . . . . . . Intercept . | . . . . . . . Searches Triggered . | . . . . . . . Construction Impeded 1 | . . . . . 1 . Haulers Reinforced . | . . . . . . . Active Scanning Responses . | . . . . . . . Cargo Convoy Interrupts . | . . . . . . . Stealth | -11 -10 -9 -9 -8 -7 -6 --------- Run | Yrd Mat Mat Min Mat Fac Fac Distress Signals 2 | . . 1 . 1 . . Communications Jammed . | . . . . . . . Distress Signals . | . . . . . . . Times Spotted 76 | . 9 24 2 16 22 3 Peak Tracking Total 9 | . 3 8 2 9 5 3 Tactical Retreats 5 | . . 2 . 2 1 . Traps | -11 -10 -9 -9 -8 -7 -6 ------- Run | Yrd Mat Mat Min Mat Fac Fac Traps Triggered . | . . . . . . . Indirectly . | . . . . . . . Trap Hack Attempts . | . . . . . . . Triggered . | . . . . . . . Disarmed . | . . . . . . . Reprogrammed . | . . . . . . . Reused . | . . . . . . . Traps Extracted . | . . . . . . . Installed . | . . . . . . . Triggered . | . . . . . . . Machines | -11 -10 -9 -9 -8 -7 -6 ---------- Run | Yrd Mat Mat Min Mat Fac Fac Machines Disabled . | . . . . . . . Max in Single Turn . | . . . . . . . Machines Repaired . | . . . . . . . Machines Dismantled . | . . . . . . . Machines Sabotaged . | . . . . . . . Overloaded Fab Kills . | . . . . . . . Hacking | -11 -10 -9 -9 -8 -7 -6 --------- Run | Yrd Mat Mat Min Mat Fac Fac Machines Accessed 3 | . . 1 . . 2 . Terminals 2 | . . 1 . . 1 . Fabricators 1 | . . . . . 1 . Repair Stations . | . . . . . . . Recycling Units . | . . . . . . . Scanalyzers . | . . . . . . . Garrison Access . | . . . . . . . Total Hacks 5 | . . 1 . . 4 . Successful 5 | . . 1 . . 4 . Failed . | . . . . . . . Catastrophic . | . . . . . . . Database Lockouts . | . . . . . . . Manual . | . . . . . . . Terminals 4 | . . 1 . . 3 . Fabricators 1 | . . . . . 1 . Repair Stations . | . . . . . . . Recycling Units . | . . . . . . . Scanalyzers . | . . . . . . . Garrison Access . | . . . . . . . Terminal Hacks 4 | . . 1 . . 3 . Record 4 | . . 1 . . 3 . Fabricator Hacks 1 | . . . . . 1 . Network Status 1 | . . . . . 1 . Repair Station Hacks . | . . . . . . . Recycling Unit Hacks . | . . . . . . . Scanalyzer . | . . . . . . . Garrison Access Hacks . | . . . . . . . Unauthorized Hacks . | . . . . . . . Terminals . | . . . . . . . Fabricators . | . . . . . . . Repair Stations . | . . . . . . . Recycling Units . | . . . . . . . Scanalyzers . | . . . . . . . Garrison Access . | . . . . . . . Data Cores Recovered . | . . . . . . . Used . | . . . . . . . Hacking Detections 3 | . . 1 . . 2 . Full Trace Events . | . . . . . . . Feedback Events . | . . . . . . . Feedback Blocked . | . . . . . . . Robot Schematics Acquired . | . . . . . . . Robots Built . | . . . . . . . Authchips . | . . . . . . . Time . | . . . . . . . Total Robot Build Rating . | . . . . . . . Part Schematics Acquired . | . . . . . . . Parts Built . | . . . . . . . Authchips . | . . . . . . . Time . | . . . . . . . Total Part Build Rating . | . . . . . . . Parts Repaired . | . . . . . . . Time . | . . . . . . . Parts Recycled . | . . . . . . . Recycled Matter . | . . . . . . . Retrieved Matter . | . . . . . . . Retrieved Components . | . . . . . . . Parts Scanalyzed . | . . . . . . . Part Schematics Acquired . | . . . . . . . Parts Damaged . | . . . . . . . Bothacking | -11 -10 -9 -9 -8 -7 -6 ------------ Run | Yrd Mat Mat Min Mat Fac Fac Used RIF Installer . | . . . . . . . Robots Hacked . | . . . . . . . Non-combat . | . . . . . . . Combat . | . . . . . . . Robot Hacks Applied . | . . . . . . . Relay Couplers Released . | . . . . . . . Fabnet Peak Effective % . | . . . . . . . Robots Rewired . | . . . . . . . Allies Hacked . | . . . . . . . Hacks Repelled . | . . . . . . . Allies | -11 -10 -9 -9 -8 -7 -6 -------- Run | Yrd Mat Mat Min Mat Fac Fac Total Allies . | . . . . . . . Largest Group . | . . . . . . . Highest-Rated Group . | . . . . . . . Highest-Rated Ally . | . . . . . . . Total Orders . | . . . . . . . Ally Attacks . | . . . . . . . Total Damage . | . . . . . . . Kills . | . . . . . . . Allies Corrupted . | . . . . . . . Allies Melted . | . . . . . . . Intel | -11 -10 -9 -9 -8 -7 -6 ------- Run | Yrd Mat Mat Min Mat Fac Fac Robot Analysis Total . | . . . . . . . Derelict Logs Recovered . | . . . . . . . Drone Launches . | . . . . . . . Drone Recoveries . | . . . . . . . Exploration | -11 -10 -9 -9 -8 -7 -6 ------------- Run | Yrd Mat Mat Min Mat Fac Fac Turns Passed 2358 | 64 301 469 334 151 919 120 Spaces Moved 2476 | 53 240 434 289 308 1112 40 Core 61 | 15 . 2 . . 4 40 Treads . | . . . . . . . Legs . | . . . . . . . Wheels 1128 | 38 239 173 289 . 389 . Hover 71 | . . . . . 71 . Flight 1216 | . 1 259 . 308 648 . Fastest Speed 31 | 50 100 34 115 31 31 300 Average Speed 73 | 85 100 61 115 31 64 300 Slowest Speed 300 | 100 117 200 115 34 300 300 Overloaded Moves . | . . . . . . . Propulsion Burnouts . | . . . . . . . Robots Hopped 1 | . . . . . 1 . Cave-ins Triggered . | . . . . . . . Exploration Rate (%) 29 | 4 37 35 54 35 36 3 Regions Visited 6 Branch Regions 1 Pre-discovered Areas . | . . . . . . . Known Exits Taken . | . . . . . . . Unknown Exits Taken 6 | 1 1 1 1 1 1 . Scrap Searched 1 | . . . 1 . . . Spaces Dug . | . . . . . . . Terrain Destroyed 34 | . . . . 28 6 . Melee . | . . . . . . . Projectile . | . . . . . . . AOE 34 | . . . . 28 6 . Terrain Rammed . | . . . . . . . Walls Destroyed . | . . . . . . . Machines Disabled . | . . . . . . . Actions | -11 -10 -9 -9 -8 -7 -6 --------- Run | Yrd Mat Mat Min Mat Fac Fac Total 2805 | 70 278 565 291 346 1215 40 Wait 74 | 6 4 35 . 13 16 . Move 2468 | 52 239 433 288 307 1109 40 Hop 1 | . . . . . 1 . Pick Up 43 | 6 7 12 2 3 13 . Fast Attach 2 | 2 . . . . . . Attach 40 | 4 3 14 . 6 13 . Detach 11 | . 3 4 . 2 2 . Swap 15 | . 7 2 . 2 4 . Drop 11 | . 3 2 1 2 3 . Fire 139 | . 12 62 . 11 54 . Melee . | . . . . . . . Ram 1 | . . 1 . . . . Kick . | . . . . . . . Crush . | . . . . . . . Escape Stasis . | . . . . . . . Rewire . | . . . . . . . Trap . | . . . . . . . Miscellaneous . | . . . . . . . Route ------- -11/Scrapyard -10/Materials -9/Materials -9/Mines (discovered 2 exits: *Mat x2) -8/Materials -7/Factory (discovered 2 exits: [*Fac] / [*Sto]) -6/Factory History --------- Turn | Location | Event 13 | -11/Scrapyard | Discovered new exit (range 16) 65 | -11/Scrapyard | Entered Materials 256 | -10/Materials | Discovered new exit (range 11) 316 | -10/Materials | Build established: Mutant 366 | -10/Materials | Entered another Materials area 366 | -9/Materials | Evolved 2 slots: Power x1, Propulsion x1 590 | -9/Materials | Core integrity fell below 50% 608 | -9/Materials | Lost 8 parts (2p4n2w) 825 | -9/Materials | Discovered new exit (range 8) 835 | -9/Materials | Entered Mines 884 | -9/Mines | Discovered new exit (range 14) 915 | -9/Mines | Discovered new exit (range 6) 1113 | -9/Mines | YI-UF0 nonchalantly dropped a Grenade Launcher on the ground 1169 | -9/Mines | Entered Materials 1169 | -8/Materials | Evolved 2 slots: Propulsion x1, Utility x1 1318 | -8/Materials | Discovered new exit (range 7) 1320 | -8/Materials | Entered Factory 1320 | -7/Factory | Evolved 2 slots: Utility x2 1471 | -7/Factory | Build established: Scavenger-Sprinter 1630 | -7/Factory | Lost 5 parts (4n1w) 1833 | -7/Factory | Discovered new exit (range 17) 1990 | -7/Factory | Build established: Mutant 2190 | -7/Factory | Discovered new exit (range 17) 2239 | -7/Factory | Entered another Factory area 2239 | -6/Factory | Evolved 2 slots: Utility x2 2266 | -6/Factory | Lost 7 parts (2p3n2w) 2359 | -6/Factory | Self-destructed Last Messages --------------- 02215_ Pulse Rifle destroyed. 02215_ Nuclear Reactor explodes. 02215_ Neutrino Reactor explodes. 02215_ Imp. Ion Engine destroyed. 02215_ Imp. Airjet destroyed. 02215_ Terminal disabled. 02215_ M-13 Machinist destroyed. 02218_ Penetrated by Slug. 02218_ Wheel destroyed. 02221_ Penetrated by Slug. 02221_ Imp. Ion Engine destroyed. 02227_ Penetrated by Slug. 02228_ The unstable cave ceiling collapses. 02235_ Com. Wheel destroyed. PARAMETERS=UTILITY+2 LOCATION=UNKNOWN GOAL=ESCAPE 02275_ K-01 Serf cleans the Matter Pump. 02348_ ALERT: All DSF locations entering lockdown mode. Map ----- +----------------------------------------------------+ | ??????????????????????????????????????????????? | | ??????????????????????????????????????????????? | | ??????????????????????????????????????????????? | | ??????????????????????????????????????????????? | | ??????????????????????????????????????????????? | | ??????????????????????????????????????????????? | | ??????????????????????????????????????????????? | | ????????????"" ??????????????????????????????? | | ????????????? ?????????????????????????????? | | ????????????"" ???????????????????##+???????? | | ???????????""" ????????????????? ??????? | | ???????????""" ??????????????? ??????? | | ???????????? ?????????????? ??????? | | ????????????"" ???????????? ?????? | | ???????????""" ??????????? ?????? | | ?????????? """ ????????? * ???????? | | ????????#??? ######### ?????????? | | ????????# ??" ???????????? | | ????????# """ ?????????????? | | ????????# """ ???????????????? | | ????????+ ?? ?????????????????? | | ????????# ???? ???????????????????? | | ????????# #???###l##########???????????? | | ????????#" #???# #???????????? | | ????????#"" #???#g""" """ #???????????? | | ????????#"" #???#@""" """ #???????????? | | ????????#"" #???# """ """ #???????????? | | ????????#"" ##### #???????????? | | ????????#"T ! + """ """ #???????????? | | ????????#"" # """ """ #???????????? | | ????????#"" # """ """ #???????????? | | ????????#"" # #???????????? | | ????????#"" # #???????????? | | ????????#" + #???????????? | | ????????# # ! #???????????? | | ????????# ##############???????????? | | ????????# ###+########????????????????????? | | ??????### ## #????????????????????? | | ??????# ## #????????????????????? | | ??????# ## #????????????????????? | | ??????# ## #????????????????????? | | ??????# ## #????????????????????? | | ??????# ## #????????????????????? | | ?????#####+##### #????????????????????? | | ?????# # #????????????????????? | | ?????# ###########????????????????????? | | ?????# #??????????????????????????????? | | ?????# #??????????????????????????????? | | ?????# """ """ #??????????????????????????????? | | ?????# """ """ #??????????????????????????????? | +----------------------------------------------------+ Best States ------------- Heat Dissipation 51 Energy Generation 21 Energy Capacity 440 Matter Stores 300 Matter Capacity 300 Sight Range 20 Terrain Scan Density 10 Resistance: KI 20 Resistance: TH 20 Resistance: EX 20 Resistance: EM 20 Resistance: I 20 Resistance: S 20 Resistance: P 20 Evasion (%) 63 Targeting Accuracy 6 Offensive Hacking 10 Item Schematics ----------------- None Robot Schematics ------------------ None Fabricated ------------ Nothing Alien Tech Used ----------------- None Achievements -------------- None Challenges ------------ None Game ------ Seed SpliceTargetBroadsword Manual? 0 Play Time 00:46:58 Cumulative 32.3 hours Start 2025.03.27 @ 06:37:37 End 2025.03.27 @ 14:49:32 Sessions 3 Manual Loads 0 Difficulty Adventurer Special Mode None Game No. 27 Rogue 7 Adventurer 20 Explorer 0 Win Type - Total 0 Types 0/0/0/0/0/0/0/0/0 Lore% 7 Gallery% 26 Achievement% 19 Wizard Run 0 Options --------- Layout 1 ASCII 0 Keyboard 0 Movement Mouse Keybinds 0 Fullscreen 1 Font 24/Smallcaps Map View 50x35 Zoom Use 0% Tactical HUD 1 Map Filters NONE Filters NONE Steam 1 RUN: a2122f1f-415f-4415-b164-f2969c869174